Map: Ice and Chrome LE

Players

Namshar - Winner!

  • Race: Zerg Zerg
  • League: Master
  • Spawn Location: 7:00

MCanning

  • Race: Protoss Protoss
  • Spawn Location: 1:00

Event: DreamHack SC2 Masters 2020 Fall

VOD

Have the link to the VOD?

Description

Time

  • Played on: Sept. 5, 2020, 4:45 p.m.
  • Length: 11:26

All games in this series

Show
View Real Time Build Order
Export as new Build Order

Namshar Zerg - Winner!

Build Orders: Pool First, Lurkers, Roach Hydra 

Get SALT Encoding   

  12  0:00  Drone  
  13  0:12  Overlord  
  13  0:16  Drone  
  14  0:30  Drone x2  
  14  0:34  Drone  
  17  0:43  Spawning Pool  
  17  0:47  Drone  
  17  1:07  Hatchery  
  17  1:11  Extractor  
  15  1:14  Drone  
  15  1:18  Drone  
  17  1:29  Queen  
  17  1:30  Zergling x2  
  20  1:35  Overlord  
  20  1:39  Drone  
  21  1:50  Drone  
  23  2:01  Zergling x2  
  23  2:05  Queen  
  25  2:11  Drone  
  26  2:23  Drone x2  
  28  2:35  Drone  
  28  2:36  Drone  
  30  2:38  Drone x2  
  30  2:40  Overlord  
  30  2:42  Pneumatized Carapace  
  31  2:46  Hatchery  
  31  2:49  Drone  
  31  2:53  Overlord  
  31  3:00  Zergling x2  
  31  3:04  Queen  
  34  3:06  Drone  
  34  3:12  Drone x2  
  37  3:14  Drone  
  37  3:15  Drone  
  39  3:22  Drone x2  
  41  3:27  Drone x2  
  41  3:31  Metabolic Boost  
  43  3:35  Drone, Spore Crawler  
  43  3:39  Queen  
  45  3:47  Drone x5  
  50  3:50  Spore Crawler  
  50  3:52  Drone  
  50  3:58  Drone x3  
  53  4:08  Drone  
  54  4:10  Roach Warren  
  54  4:11  Drone  
  54  4:12  Drone  
  54  4:13  Spore Crawler  
  54  4:16  Overlord x2  
  54  4:19  Drone  
  54  4:23  Drone x2  
  57  4:34  Overlord x3  
  57  4:35  Zergling x6  
  57  4:37  Lair  
  60  4:41  Extractor  
  60  4:42  Extractor  
  58  4:45  Drone  
  58  4:46  Drone x5  
  58  4:51  Zergling x4  
  66  4:53  Drone x4  
  66  4:58  Queen  
  72  5:02  Drone x3  
  74  5:08  Drone x4  
  78  5:15  Drone, Evolution Chamber  
  78  5:16  Drone  
  78  5:21  Drone  
  79  5:24  Drone x5  
  84  5:28  Hatchery  
  84  5:29  Extractor  
  84  5:31  Extractor x2  
  84  5:33  Overlord  
  80  5:36  Hydralisk Den  
  80  5:38  Drone  
  80  5:39  Drone x2  
  80  5:41  Zerg Missile Weapons Level 1  
  82  5:43  Overlord x3  
  82  5:45  Glial Reconstitution  
  82  5:53  Overlord  
  82  5:54  Overlord  
  82  5:55  Roach x3  
  88  5:58  Overlord  
  88  6:10  Roach x6  
  99  6:12  Grooved Spines  
  99  6:15  Drone  
  99  6:16  Drone x3  
  103  6:25  Extractor  
  102  6:28  Overlord x2  
  102  6:31  Drone x2  
  104  6:36  Overseer  
  104  6:38  Roach x3  
  110  6:50  Overlord  
  110  6:52  Drone  
  111  6:54  Infestation Pit  
  111  6:55  Drone x5  
  111  6:56  Drone x5  
  111  6:59  Extractor  
  118  7:04  Hydralisk x4  
  118  7:06  Hatchery  
  123  7:09  Queen  
  125  7:17  Hydralisk  
  125  7:18  Hydralisk x6  
  139  7:23  Spine Crawler, Muscular Augments  
  139  7:27  Drone  
  139  7:34  Drone, Hive  
  139  7:36  Lurker Den, Overseer  
  139  7:40  Extractor  
  139  7:42  Extractor  
  139  7:44  Drone x5  
  139  7:46  Drone x2  
  139  7:47  Drone x4  
  139  7:49  Zerg Missile Weapons Level 2  
  148  7:55  Drone  
  148  7:56  Spine Crawler  
  148  7:59  Overlord x2  
  148  8:04  Hydralisk x5  
  158  8:20  Hydralisk x3  
  158  8:21  Hydralisk x6  
  176  8:36  Lurker x8  
  184  8:49  Seismic Spines  
  184  8:53  Overlord  
  184  8:54  Overlord x3  
  184  9:04  Overseer  
  184  9:05  Overlord x2  
  184  9:12  Overlord  
  184  9:13  Lurker x5  
  184  9:14  Hydralisk  
  184  9:15  Hydralisk x4  
  199  9:29  Spine Crawler  
  199  9:30  Spine Crawler  
  199  9:31  Spine Crawler, Spore Crawler  
  192  9:41  Hydralisk x3  
  194  9:46  Adaptive Talons  
  192  9:56  Lurker x6  
  198  10:04  Overseer x3  
  187  10:29  Lurker  
  187  10:30  Lurker x5  
  187  10:31  Hydralisk x7  
  188  10:40  Hydralisk x5  
  190  10:51  Hydralisk x5  
  195  10:58  Hydralisk x2  
  195  11:13  Evolution Chamber  
Show
View Real Time Build Order
Export as new Build Order

MCanning Protoss 

Build Orders: 1 Gate Expand, Chargelot Immortal 

Get SALT Encoding   

  12  0:00  Probe  
  13  0:12  Probe  
  14  0:20  Pylon  
  14  0:24  Probe  
  15  0:38  Gateway, Probe (Chrono Boost)  
  16  0:48  Assimilator, Probe (Chrono Boost)  
  17  0:53  Probe (Chrono Boost)  
  18  1:04  Probe  
  19  1:16  Unknown, Probe  
  19  1:17  Unknown x2  
  20  1:24  Nexus  
  20  1:32  Cybernetics Core  
  20  1:36  Probe  
  21  1:42  Pylon  
  21  1:48  Probe  
  21  1:52  Assimilator  
  22  2:00  Probe  
  23  2:06  Adept (Chrono Boost)  
  23  2:12  Probe  
  26  2:24  Probe  
  26  2:26  Stargate  
  27  2:33  Stalker (Chrono Boost)  
  30  2:39  Probe (Chrono Boost)  
  30  2:40  Probe (Chrono Boost)  
  31  2:45  Warp Gate  
  33  2:51  Probe (Chrono Boost)  
  33  2:53  Probe (Chrono Boost)  
  33  2:56  Probe (Chrono Boost)  
  34  3:01  Probe  
  34  3:05  Void Ray (Chrono Boost)  
  35  3:06  Probe  
  36  3:13  Probe  
  36  3:18  Probe  
  42  3:24  Gateway  
  42  3:25  Probe  
  43  3:31  Pylon, Probe (Chrono Boost)  
  44  3:37  Probe (Chrono Boost)  
  45  3:43  Pylon  
  45  3:47  Assimilator  
  46  3:49  Assimilator, Probe (Chrono Boost)  
  46  3:51  Probe (Chrono Boost)  
  48  3:55  Probe (Chrono Boost)  
  48  3:56  Probe (Chrono Boost)  
  48  4:00  Robotics Facility  
  49  4:06  Probe  
  49  4:07  Probe  
  51  4:15  Forge  
  51  4:17  Twilight Council  
  51  4:19  Probe (Chrono Boost)  
  51  4:20  Probe (Chrono Boost)  
  53  4:25  Nexus  
  53  4:28  Pylon  
  53  4:31  Probe (Chrono Boost)  
  54  4:34  Sentry x2  
  54  4:37  Probe (Chrono Boost)  
  60  4:38  Probe (Chrono Boost)  
  60  4:43  Probe  
  60  4:45  Probe  
  61  4:47  Gateway  
  61  4:50  Observer, Gateway  
  63  4:55  Shield Battery  
  63  4:56  Protoss Ground Weapons Level 1, Probe (Chrono Boost)  
  63  4:57  Probe (Chrono Boost)  
  63  4:59  Charge  
  65  5:04  Sentry  
  67  5:09  Probe (Chrono Boost)  
  67  5:13  Probe (Chrono Boost)  
  69  5:14  Templar Archives  
  69  5:17  Probe (Chrono Boost)  
  70  5:27  Pylon  
  70  5:35  Pylon  
  70  5:36  Immortal (Chrono Boost)  
  70  5:37  Probe x2  
  76  5:49  Probe (Chrono Boost)  
  79  5:55  Gateway, Probe x2 (Chrono Boost)  
  79  5:56  Gateway  
  79  5:59  Probe (Chrono Boost)  
  79  6:02  Probe (Chrono Boost)  
  79  6:03  Probe (Chrono Boost)  
  80  6:04  Zealot x2, Immortal (Chrono Boost)  
  80  6:05  Zealot, Probe  
  87  6:12  Psionic Storm  
  87  6:13  Assimilator, Probe x2  
  87  6:14  Sentry  
  87  6:18  Assimilator  
  91  6:21  Gateway  
  91  6:22  Gateway  
  91  6:26  High Templar, Pylon  
  91  6:27  High Templar  
  95  6:38  Zealot x2, Gateway  
  99  6:40  Pylon  
  99  6:44  Immortal (Chrono Boost)  
  103  6:49  High Templar  
  103  6:51  Protoss Ground Weapons Level 2 (Chrono Boost)  
  105  6:55  Zealot, Photon Cannon  
  105  6:57  Photon Cannon  
  105  6:58  Shield Battery  
  105  7:00  Probe  
  108  7:03  Robotics Facility  
  108  7:08  Zealot x2  
  112  7:21  Nexus  
  112  7:23  Probe  
  112  7:24  Pylon  
  113  7:30  Photon Cannon  
  113  7:31  Photon Cannon  
  113  7:35  High Templar  
  115  7:39  Shield Battery  
  115  7:41  Photon Cannon  
  115  7:42  High Templar x2  
  123  7:53  Pylon  
  123  7:55  Immortal (Chrono Boost)  
  122  7:59  Probe  
  122  8:00  Photon Cannon  
  122  8:01  Photon Cannon  
  122  8:02  Pylon  
  123  8:09  High Templar  
  129  8:15  Probe  
  129  8:16  Fleet Beacon, Immortal (Chrono Boost)  
  129  8:18  Probe  
  131  8:20  Observer (Chrono Boost)  
  131  8:21  Stalker  
  131  8:24  Stargate  
  130  8:28  Probe  
  130  8:30  Photon Cannon  
  130  8:31  Probe  
  132  8:35  Probe  
  132  8:38  Warp Prism (Chrono Boost)  
  135  8:45  Dark Shrine  
  135  8:46  Zealot x2  
  135  8:47  Zealot  
  141  8:49  High Templar  
  141  8:51  Probe  
  141  8:52  Protoss Air Weapons Level 1  
  144  8:56  Observer (Chrono Boost)  
  144  8:58  Zealot x3  
  144  8:59  Zealot x2  
  144  9:02  Assimilator, Probe  
  156  9:06  Assimilator  
  154  9:17  Pylon x2  
  150  9:23  Zealot  
  150  9:24  Zealot x2  
  156  9:32  Mothership (Chrono Boost)  
  156  9:35  Carrier (Chrono Boost)  
  152  9:40  Immortal  
  150  9:53  Zealot x6  
  150  9:54  Zealot  
  150  9:58  Photon Cannon, Carrier (Chrono Boost)  
  162  10:00  Pylon  
  162  10:03  High Templar x2  
  171  10:07  Pylon  
  171  10:10  Archon  
  171  10:13  Zealot  
  171  10:22  Zealot  
  171  10:23  Zealot x3  
  171  10:27  Shield Battery  
  179  10:29  Shield Battery  
  179  10:35  Zealot x4  
  157  10:40  Zealot  
  127  10:56  Archon  
  121  11:00  Zealot x5  
  116  11:04  Observer  

Tags
 
Add a new tag
Caveats
  • Supply blocks, unpowered buildings, or Contaminate may cause inaccurate times.
  • Supply counts are checked every 10 seconds.